 Dungeon Crawl Stone Soup version 0.23-a0-650-ga4d50d4 (console) character file.

38 bli the Slasher (level 3, -2/29 HPs)
             Began as a Formicid Abyssal Knight on Jan 4, 2019.
             Was a Follower of Lugonu.
             Slain by an iguana (13 damage)
             ... on level 2 of the Dungeon.
             The game lasted 00:04:18 (2092 turns).

bli the Slasher (Formicid Abyssal Knight)           Turns: 2092, Time: 00:04:19

Health: -2/29      AC:  4    Str: 16    XL:     3   Next: 65%
Magic:  4/4        EV: 11    Int: 11    God:    Lugonu [*.....]
Gold:   216        SH:  0    Dex: 11    Spells: 2/2 levels left

rFire    . . .     SeeInvis +   a - +1 falchion
rCold    . . .     Gourm    .   (no shield)
rNeg     . . .     Faith    .   b - +0 leather armour
rPois    .         Spirit   .   (helmet unavailable)
rElec    .         Reflect  .   (no cloak)
rCorr    .         Harm     .   h - +0 pair of gloves
MR       .....                  (no boots)
Stlth    +.........             (no amulet)
HPRegen  0.09/turn              f - ring of see invisible
MPRegen  0.09/turn              (no ring)

@: no status effects
A: permanent stasis, dig shafts and tunnels, four strong arms, antennae 3
a: Dig, Shaft Self, Depart the Abyss, Renounce Religion


You were on level 2 of the Dungeon.
You worshipped Lugonu.
Lugonu was aware of your devotion.
You were not hungry.

You visited 1 branch of the dungeon, and saw 2 of its levels.
You visited the Abyss 1 time.

You collected 216 gold pieces.

Inventory:

Hand Weapons
 a - a +1 falchion (weapon)
 d - a cursed -1 morningstar
Missiles
 g - 77 stones (quivered)
 p - 37 poisoned needles
 s - 41 sling bullets
Armour
 b - a +0 leather armour (worn)
 e - a +0 ring mail
 h - a +0 pair of gloves (worn)
 q - a +0 scale mail
Jewellery
 f - a ring of see invisible (left hand)
Scrolls
 k - 4 scrolls of identify {unknown}
 l - a scroll of teleportation {unknown}
 m - 4 scrolls of remove curse {unknown}
 r - a scroll of blinking {unknown}
 t - a scroll of enchant weapon {unknown}
 u - a scroll of enchant armour {unknown}
Potions
 j - a potion of might {unknown}
 n - 2 potions of flight {unknown}
 o - a potion of resistance {unknown}
 v - a potion of degeneration {unknown}
Comestibles
 c - 6 rations


   Skills:
 - Level 3.2 Fighting
 + Level 3.4 Long Blades
 - Level 2.1 Armour
 + Level 1.5 Dodging
 - Level 2.1 Invocations


You had 2 spell levels left.
You didn't know any spells.
Your spell library was empty.

Dungeon Overview and Level Annotations

Branches:
Dungeon (2/15)

Altars:


Innate Abilities, Weirdness & Mutations

You cannot be hasted, slowed, berserked, paralysed or teleported.
You can dig through walls and to a lower floor.
Your four strong arms can wield two-handed weapons with a shield.
You have a pair of large antennae on your head. (SInv)


Message History

You hit the iguana.
The iguana is heavily wounded.
The iguana bites you.
You closely miss the iguana.
The iguana is heavily wounded.
The iguana bites you!
You barely miss the iguana.
The iguana is heavily wounded.
The iguana bites you.
You barely miss the iguana.
The iguana is heavily wounded.
The iguana barely misses you.
You riposte.
You completely miss the iguana.
The iguana is heavily wounded.
You hit the iguana.
The iguana is severely wounded.
The iguana closely misses you.
You barely miss the iguana.
The iguana is severely wounded.
The iguana misses you. The iguana bites you!
You die...

<(# #(#
... #.#
#(# #(#
#l# #@#
#.#
###+####.#
#......#.#
#......#.#
#......#.#
##
#).....#.#
.#
#......#.#
.#
#......#.#
.#
#......#.#
.#
######.#.#


You could see an iguana.

Vanquished Creatures
  A worm (D:2)
  A dart slug (D:1)
  4 bats (D:1)
  3 giant cockroaches (D:1)
  5 hobgoblins
  2 frilled lizards
  2 goblins (D:1)
  7 kobolds
  7 rats
32 creatures vanquished.

Notes
Turn   | Place    | Note
-------+----------+-------------------------------------------
     0 | Abyss:1  | bli the Formicid Abyssal Knight began the quest for the
                  | Orb.
     0 | Abyss:1  | Reached XP level 1. HP: 18/18 MP: 2/2
    82 | Abyss:3  | Noticed a smoke demon
    86 | D:1      | Escaped the Abyss
   465 | D:1      | Reached skill level 1 in Dodging
   657 | D:1      | Reached XP level 2. HP: 22/24 MP: 3/3
   886 | D:1      | Reached XP level 3. HP: 25/29 MP: 4/4
   893 | D:1      | Reached * piety under Lugonu
  1553 | D:2      | HP: 1/29 [worm (11)]
  2092 | D:2      | Slain by an iguana

Vault maps used:
D:1:      dpeg_arrival_water_fire, chequers_big_river, minmay_hexomino_u4
D:2:      patterned_corridor
Abyss:3:  minivault_5, hangedman_abyss_or_decor_lesser_grid

Skill      XL: |  1  2 |
---------------+-------+-----
Dodging        | 1 |  1.5
Long Blades    | 3 |  3.4
Fighting       | |  3.2
Armour         | |  2.1
Invocations    | |  2.1

Action                   || total
-------------------------++-------
Melee: Falchion          ||   103
Throw: Stone             ||     5
Invok: Depart the Abyss  ||     1
 Abil: Dig               ||     1
  Eat: Chunk             ||     4
Armor: Leather armour    ||    22
Dodge: Dodged            ||    67
       Rpst.: Falchion   ||    14

Table legend:
 A = Non-vault XP
 B = Vault XP
 C = Vault XP percentage of total XP
 D = Non-vault monster count
 E = Vault monster count
 F = Vault count percentage of total count
                 A         B        C        D         E       F
            +---------+---------+-------+---------+---------+-------
      Total |      46 |       9 |  16.4 |      27 |       5 |  15.6
            +---------+---------+-------+---------+---------+-------
        D:1 |      28 |       9 |  24.3 |      17 |       5 |  22.7
        D:2 |      18 |       0 |   0.0 |      10 |       0 |   0.0
            +---------+---------+-------+---------+---------+-------
